 Dungeon Crawl Stone Soup version 0.22-a0-619-ga0c6fd2 (webtiles) character file.

228 digijack the Covered (level 6, 0/39 HPs)
             Began as a Gargoyle Fighter on July 14, 2018.
             Splashed by a jelly's acid (6 damage)
             ... on level 2 of the Dungeon.
             The game lasted 00:08:54 (1448 turns).

digijack the Covered (Gargoyle Fighter)             Turns: 1448, Time: 00:08:58

Health: 0/39       AC:  1    Str: 20    XL:     6   Next: 2%
Magic:  6/6        EV:  7    Int:  8    God:
Gold:   142        SH:  9    Dex: 11    Spells: 5/5 levels left

rFire    . . .     SeeInvis .   j - +1 whip (venom)
rCold    . . .     Gourm    .   c - +0 shield
rNeg     + . .     Faith    .   b - +0 scale mail
rPois    ∞         Spirit   .   (no helmet)
rElec    +         Reflect  .   i - +1 cloak
rCorr    .         Harm     .   (no gloves)
MR       +....     Clarity  +   (no boots)
Stlth    ..........             (no amulet)
HPRegen  0.13/turn              (no ring)
MPRegen  0.10/turn              (no ring)

@: corroded
A: clarity, magic resistance 1, negative energy resistance 1, electricity
resistance, unbreathing, petrification resistance, rot immunity, AC +4
a: no special abilities


You were on level 2 of the Dungeon.
You were very hungry.

You visited 1 branch of the dungeon, and saw 2 of its levels.

You collected 142 gold pieces.

Inventory:

Hand Weapons
 j - a +1 whip of venom (weapon)
Missiles
 g - 37 stones (quivered)
Armour
 b - a +0 scale mail (worn)
 c - a +0 shield (worn)
 i - a +1 cloak (worn)
Scrolls
 k - a scroll of identify
Potions
 d - 2 potions of might
 h - a potion of mutation
 l - a potion of flight
Comestibles
 f - 4 rations


   Skills:
 + Level 4.4 Fighting
 + Level 3.3 Maces & Flails
 + Level 4.5 Armour
 - Level 0.1 Dodging
 + Level 4.5 Shields


You had 5 spell levels left.
You didn't know any spells.
Your spell library was empty.

Dungeon Overview and Level Annotations

Branches:
Dungeon (2/15)

Altars:
Cheibriados
Kikubaaqudgha
Ru
Zin


Innate Abilities, Weirdness & Mutations

You are resistant to torment.
Your stone body is resilient. (AC +4)
You are immune to poison.
You resist negative energy. (rN+)
You are resistant to electric shocks. (rElec)
You can survive without breathing.
You are immune to petrification.
You are immune to rotting.
You possess an exceptional clarity of mind.
You are resistant to hostile enchantments. (MR+)


Message History

You are feeling very hungry.
You completely miss the jelly.
The jelly is lightly wounded.
The jelly hits you but does no damage.
You hit the jelly.
Your hands burn!
* * * LOW HITPOINT WARNING * * *
The jelly is lightly wounded.
The jelly hits you but does no damage.
You hit the jelly. The acid corrodes you!
Your hands burn!
* * * LOW HITPOINT WARNING * * *
The jelly is moderately wounded.
The jelly completely misses you.
You feel better. The jelly hits you but does no damage.
You hit the jelly. The acid corrodes you!
Your hands burn!
* * * LOW HITPOINT WARNING * * *
The jelly is moderately wounded.
The jelly hits you.
* * * LOW HITPOINT WARNING * * *
The acid corrodes you!
You are splashed with acid!
The acid burns!
You die...

#............# #.# #.#
###########.## #.# #.#
####.#### #.#####.#
#.......# #.......#
#.#####.# ####.##<#
###.# #.#### #.##.#
#...# #....# #.##.# ##
#.#.# #.##.# ##.##.#
##. #J#.#####@##.#
#.#...# #..
#.#>...JJ.##.####.####
#..
#J#####.####.##.....#
#.. #.# #.#
#.##.....####.# ####.#
#.##..#.............
#....#
####################
#.#### ####### #.#
##########..÷...#
#)####).....##'÷.P...#
##


You could see a jelly and an ooze.

Vanquished Creatures
  A sky beast (D:2)
  2 jellies (D:2)
  7 oozes (D:2)
  5 giant cockroaches (D:1)
  7 hobgoblins
  4 jackals (D:1)
  10 kobolds
  A ball python (D:1)
  3 bats
  A frilled lizard (D:2)
  3 goblins (D:2)
  7 rats
51 creatures vanquished.

Vanquished Creatures (others)
  4 fungi (D:2)
  6 toadstools (D:2)
10 creatures vanquished.

Grand Total: 61 creatures vanquished

Notes
Turn   | Place    | Note
-------+----------+-------------------------------------------
     0 | D:1      | digijack the Gargoyle Fighter began the quest for the Orb.
     0 | D:1      | Reached XP level 1. HP: 14/14 MP: 1/1
   220 | D:1      | Reached XP level 2. HP: 19/19 MP: 2/2
   426 | D:1      | Reached XP level 3. HP: 22/23 MP: 3/3
   910 | D:2      | Gained mutation: You possess an exceptional clarity of mind. [potion of mutation]
   910 | D:2      | Gained mutation: You are resistant to hostile enchantments. (MR+) [potion of mutation]
   956 | D:2      | Noticed a sky beast
   969 | D:2      | Killed a sky beast
   969 | D:2      | Reached XP level 4. HP: 29/29 MP: 4/4
   969 | D:2      | Reached XP level 5. HP: 33/33 MP: 5/5
  1050 | D:2      | Found a faded altar of an unknown god.
  1050 | D:2      | Found a glowing silver altar of Zin.
  1055 | D:2      | Found a sacrificial altar of Ru.
  1059 | D:2      | Found a faded altar of an unknown god.
  1060 | D:2      | Found an ancient bone altar of Kikubaaqudgha.
  1239 | D:2      | Found a snail-covered altar of Cheibriados.
  1396 | D:2      | Reached XP level 6. HP: 16/39 MP: 6/6
  1448 | D:2      | Splashed by a jelly's acid

Vault maps used:
D:1:      dpeg_arrival_concentric_ovals, roderic_cross_of_infinity,
          minmay_misc_feat_cross, minmay_misc_feat_hallway
D:2:      cheibrodos_fertilizer, cheibriados_altar_1,
          chequers_temple_overflow_minitemple, first_ration, kennysheep_nub

Skill      XL: |  1  2  3  4  5 |
---------------+----------------+-----
Fighting       | 4 |  4.4
Armour         | 4 |  4.5
Shields        | 4 |  4.5
Maces & Flails | 3 |  3.3
Dodging        | |  0.1

Action                   |  1- 3 |  4- 6 || total
-------------------------+-------+-------++-------
Melee: Flail             |    80 |       ||    80
       Whip              |    17 |    77 ||    94
Throw: Stone             |     3 |       ||     3
  Use: Potion            |     4 |     2 ||     6
       Scroll            |     1 |     1 ||     2
  Eat: Chunk             |       |     1 ||     1
Armor: Scale mail        |    57 |    30 ||    87
Dodge: Dodged            |    31 |    12 ||    43
Block: Shield            |    55 |    31 ||    86

Table legend:
 A = Spawn XP
 B = Non-spawn XP
 C = Spawn XP percentage of total XP
 D = Spawn monster count
 E = Non-spawn monster count
 F = Spawn count percentage of total count
 G = Total turns spent on level
                    A         B        C        D         E        F      G
               +---------+---------+-------+---------+---------+-------+---------
         Total |       0 |     327 |   0.0 |       0 |      51 |   0.0 |  1448
               +---------+---------+-------+---------+---------+-------+---------
           D:1 |       0 |      40 |   0.0 |       0 |      25 |   0.0 |   846
           D:2 |       0 |     287 |   0.0 |       0 |      26 |   0.0 |   602
               +---------+---------+-------+---------+---------+-------+---------
